Gangsters vs Mustangs
Created - January 21, 2020 at 19:14
Goals
|
Gangsters |
0 |
3 |
0 |
3 |
Mustangs |
2 |
2 |
1 |
5 |
|
Shots
|
Gangsters |
10 |
27 |
10 |
47 |
Mustangs |
15 |
7 |
12 |
34 |
|
1st period
1. Mustangs , Melker Karlsson 23 (Danny Biega 9, Josh Jooris 16) at 5:26
2. Mustangs , Josh Jooris 15 (Melker Karlsson 29) at 7:24 (PP)
Penalties :
Artem Anisimov (Bro) for Boarding (Minor) at 6:46
2nd period
3. Gangsters , Jonas Brodin 7 (Devante Smith-Pelly 27, Artem Anisimov 27) at 2:10 (PP)
4. Gangsters , Devante Smith-Pelly 23 (Seth Griffith 18, Derrick Pouliot 8) at 14:00
5. Mustangs , Craig Smith 16 (Alexei Marchenko 27) at 17:02
6. Mustangs , Damon Severson 4 (Josh Jooris 17) at 17:16
7. Gangsters , David Pope 9 (Richard Panik 44, Jordan Binnington) at 19:55 (PP)
Penalties :
Nick Schmaltz (Ham) for Kneeing (Minor) at 1:09, Danny Biega (Ham) for Interference (Minor) at 4:03, Devante Smith-Pelly (Bro) for Interference (Minor) at 9:31, Andrew O'Brien (Ham) for Interference (Minor) at 19:27
3rd period
8. Mustangs , Melker Karlsson 24 (Josh Jooris 18) at 4:30 (PP)
Penalties :
Dave Dziurzynski (Bro) for Holding (Minor) at 1:26, David Pope (Bro) for Goalie Interference (Minor) at 4:21, Stefan Matteau (Ham) for Hooking (Minor) at 11:40, Jonathan Drouin (Ham) for Tripping (Minor) at 14:28
Goalie Stats
Jordan Binnington (Bro), 29 saves from 34 shots - (0.853), L, 3-7-0, 60:00 minutes
Chet Pickard (Ham), 44 saves from 47 shots - (0.936), W, 16-9-0, 60:00 minutes
Players Stats for Gangsters
Player Name G A P +/- PIM S H SB GA TA FO MP PP MP PK MP
------------------------------------------------------------------------------------
Adam Lowry 0 0 0 0 0 2 2 0 0 0 1/5 8:40 0:00 0:00
Artem Anisimov 0 1 1 0 2 2 4 2 0 0 17/36 22:12 4:09 2:26
Brett Ponich 0 0 0 -1 0 4 1 0 0 1 0/0 24:07 3:27 2:34
Connor Chatam 0 0 0 0 0 0 0 0 0 0 0/1 2:07 0:00 2:07
Dave Dziurzynski 0 0 0 0 2 1 3 3 2 0 1/5 19:57 4:09 0:00
David Pope 1 0 1 -2 2 2 3 0 1 0 1/1 15:54 3:04 0:14
Derrick Pouliot 0 1 1 1 0 3 0 1 0 0 0/0 12:16 0:00 0:00
Devante Smith-Pelly 1 1 2 0 2 8 2 2 2 1 1/1 21:27 3:58 1:46
Jacob Middleton 0 0 0 0 0 0 0 0 0 0 0/0 0:00 0:00 0:00
Jake Marchment 0 0 0 0 0 0 0 0 0 0 0/0 0:19 0:13 0:00
Jonas Brodin 1 0 1 -1 0 2 2 1 0 1 0/0 18:59 3:59 2:11
Jordan Subban 0 0 0 0 0 0 0 0 0 0 0/0 0:00 0:00 0:00
Joshua Jacobs 0 0 0 -1 0 1 0 1 0 0 0/0 4:38 0:00 0:00
Julius Vahatalo 0 0 0 0 0 0 0 0 0 0 0/0 0:30 0:24 0:00
Kevin Roy 0 0 0 0 0 2 1 0 0 0 4/6 10:37 0:00 0:00
Matt Delahey 0 0 0 -1 0 3 0 3 0 2 0/0 24:07 3:27 2:34
Morgan Ellis 0 0 0 -1 0 1 0 0 0 1 0/0 18:59 3:59 2:11
Phillip Danault 0 0 0 0 0 0 0 0 0 0 0/0 11:55 0:00 1:07
Richard Panik 0 1 1 -2 0 4 3 2 2 0 0/0 16:36 3:04 0:50
Ryan Culkin 0 0 0 1 0 0 1 1 0 0 0/0 12:16 0:00 0:00
Samuel Blais 0 0 0 0 0 2 3 0 0 0 0/0 8:40 0:00 0:00
Sebastian Collberg 0 0 0 0 0 3 0 0 1 0 0/0 8:40 0:00 0:00
Seth Griffith 0 1 1 -2 0 2 1 0 0 0 5/14 16:41 3:04 1:00
Stefan Noesen 0 0 0 0 0 3 0 0 2 0 1/1 10:56 0:13 0:00
Steven Santini 0 0 0 -1 0 2 0 0 0 0 0/0 4:38 0:00 0:00
Players Stats for Mustangs
Player Name G A P +/- PIM S H SB GA TA FO MP PP MP PK MP
------------------------------------------------------------------------------------
Alexei Marchenko 0 1 1 1 0 0 0 1 0 1 0/0 26:56 3:11 4:17
Andrew O'Brien 0 0 0 0 2 1 2 3 0 2 0/0 22:10 1:34 2:56
Ben Harpur 0 0 0 0 0 1 1 3 0 2 0/0 23:07 1:34 4:03
Chrstian Dvorak 0 0 0 0 0 0 1 0 0 0 0/0 7:29 0:00 0:00
Craig Smith 1 0 1 0 0 2 3 0 2 1 0/1 16:11 1:54 0:00
Dakota Mermis 0 0 0 1 0 1 0 0 0 0 0/0 13:15 0:00 2:56
Damon Severson 1 0 1 1 0 2 0 2 0 0 0/0 23:51 3:11 0:40
Danny Biega 0 1 1 1 2 0 0 0 0 0 0/0 10:39 0:00 0:00
Iven Barbashev 0 0 0 0 0 2 1 0 0 1 1/2 7:43 0:00 0:14
Jonathan Drouin 0 0 0 2 2 4 2 0 0 0 1/2 19:16 2:51 0:00
Josh Jooris 1 3 4 2 0 6 2 1 2 1 1/2 23:29 2:51 3:59
JT Compher 0 0 0 0 0 1 2 1 0 0 0/0 16:46 1:54 0:24
Max Gortz 0 0 0 0 0 3 0 0 0 0 0/0 9:12 0:00 0:00
Melker Karlsson 2 1 3 2 0 6 3 1 1 1 30/49 23:38 2:51 4:08
Nick Schmaltz 0 0 0 0 2 2 0 0 0 0 3/6 10:36 0:00 0:53
Sam Kurker 0 0 0 0 0 1 0 0 0 0 0/0 7:29 0:00 0:00
Stefan Matteau 0 0 0 0 2 1 2 1 0 0 2/6 18:22 1:54 2:11
Tuomo Ruutu 0 0 0 0 0 1 0 0 1 1 1/2 12:20 0:00 3:03
3 Stars
1 - Melker Karlsson (Ham)
2 - Josh Jooris (Ham)
3 - Chet Pickard (Ham)
Power Play
Gangsters - 2 on 5 Attempt(s) - 40.00%
Mustangs - 2 on 4 Attempt(s) - 50.00%
Penalty Kill
Gangsters - 2 on 4 Attempt(s) - 50.00%
- Score 0 goal in Penalty Kill
Mustangs - 3 on 5 Attempt(s) - 60.00%
- Score 0 goal in Penalty Kill
Team Stat
Gangsters - Hits : 26 - Faceoff Wins : 31 - Blocked Shots : 16 - Penalty Minutes : 8
Mustangs - Hits : 19 - Faceoff Wins : 39 - Blocked Shots : 13 - Penalty Minutes : 10
Official
Referees : Unknown
Linesman : Unknown
Game Notes
No Game Note
Finance
Level 1 -- Attendance: 1495 (74.75%) -- Ticket Income $59,800
Level 2 -- Attendance: 639 (63.90%) -- Ticket Income $12,780
Total Attendance: 2134 (71.13%)
Total Ticket Income: $72,580
Other Income: $3,629
Total Income: $76,209
Gangsters
5 vs 5 Forward
Center Left Wing Right Wing Time % Phy DF OF
1 Artem Anisimov Dave Dziurzynski Devante Smith-Pelly 40 1 2 2
2 Seth Griffith David Pope Richard Panik 30 1 2 2
3 Kevin Roy Phillip Danault Stefan Noesen 20 1 2 2
4 Adam Lowry Samuel Blais Sebastian Collberg 10 1 2 2
5 vs 5 Defense
Defense Defense Time % Phy DF OF
1 Matt Delahey Brett Ponich 40 1 2 2
2 Morgan Ellis Jonas Brodin 30 1 2 2
3 Derrick Pouliot Ryan Culkin 20 1 2 2
4 Steven Santini Joshua Jacobs 10 1 2 2
PowerPlay Forward
Center Left Wing Right Wing Time % Phy DF OF
1 Artem Anisimov Dave Dziurzynski Devante Smith-Pelly 60 1 2 2
2 Seth Griffith David Pope Richard Panik 40 1 2 2
PowerPlay Defense
Defense Defense Time % Phy DF OF
1 Matt Delahey Brett Ponich 60 1 2 2
2 Morgan Ellis Jonas Brodin 40 1 2 2
Penalty Kill 4 Players Forward
Center Wing Time % Phy DF OF
1 Artem Anisimov Devante Smith-Pelly 60 1 2 2
2 Richard Panik Dave Dziurzynski 40 1 2 2
Penalty Kill 4 Players Defense
Defense Defense Time % Phy DF OF
1 Matt Delahey Brett Ponich 60 1 2 2
2 Morgan Ellis Jonas Brodin 40 1 2 2
Penalty Kill - 3 Players Forward
Forward Time % Phy DF OF
1 Artem Anisimov 60 1 2 2
2 Devante Smith-Pelly 40 1 2 2
Penalty Kill - 3 Players Defense
Defense Defense Time % Phy DF OF
1 Matt Delahey Brett Ponich 60 1 2 2
2 Morgan Ellis Jonas Brodin 40 1 2 2
4 vs 4 Forward
Center Wing Time % Phy DF OF
1 Artem Anisimov Devante Smith-Pelly 60 1 2 2
2 Richard Panik Dave Dziurzynski 40 1 2 2
4 vs 4 Defense
Defense Defense Time % Phy DF OF
1 Matt Delahey Brett Ponich 60 1 2 2
2 Morgan Ellis Jonas Brodin 40 1 2 2
Last Minutes Offensive
Center Left Wing Right Wing Defense Defense
Artem Anisimov Dave Dziurzynski Devante Smith-Pelly Matt Delahey Brett Ponich
Last Minutes Defensive
Center Left Wing Right Wing Defense Defense
Artem Anisimov Dave Dziurzynski Devante Smith-Pelly Matt Delahey Brett Ponich
Goaltenders
Starting : Jordan Binnington
Backup : Dustin Tokarski
Extra Forwards
Normal : Julius Vahatalo, Jake Marchment, Connor Chatam - PP : Julius Vahatalo, Jake Marchment - PK : Connor Chatam
Extra Defensemen
Normal : Jordan Subban, Jacob Middleton, Derrick Pouliot - PP : Jordan Subban - PK : Jacob Middleton, Derrick Pouliot
Penalty Shots
Artem Anisimov, Devante Smith-Pelly, Richard Panik, Dave Dziurzynski, Stefan Noesen
Scratches
Hugo Fagerblom (Healthy)
Mustangs
5 vs 5 Forward
Center Left Wing Right Wing Time % Phy DF OF
1 Melker Karlsson Jonathan Drouin Josh Jooris 40 1 2 2
2 Stefan Matteau JT Compher Craig Smith 30 1 2 2
3 Nick Schmaltz Tuomo Ruutu Max Gortz 20 1 2 2
4 Iven Barbashev Chrstian Dvorak Sam Kurker 10 1 2 2
5 vs 5 Defense
Defense Defense Time % Phy DF OF
1 Alexei Marchenko Damon Severson 44 1 2 2
2 Ben Harpur Andrew O'Brien 33 1 2 2
3 Dakota Mermis Danny Biega 23 1 2 2
4 Alexei Marchenko Damon Severson 0 1 2 2
PowerPlay Forward
Center Left Wing Right Wing Time % Phy DF OF
1 Melker Karlsson Jonathan Drouin Josh Jooris 60 1 2 2
2 Stefan Matteau JT Compher Craig Smith 40 1 2 2
PowerPlay Defense
Defense Defense Time % Phy DF OF
1 Alexei Marchenko Damon Severson 60 1 2 2
2 Ben Harpur Andrew O'Brien 40 1 2 2
Penalty Kill 4 Players Forward
Center Wing Time % Phy DF OF
1 Melker Karlsson Josh Jooris 60 1 2 2
2 Stefan Matteau Tuomo Ruutu 40 1 2 2
Penalty Kill 4 Players Defense
Defense Defense Time % Phy DF OF
1 Alexei Marchenko Ben Harpur 60 1 2 2
2 Dakota Mermis Andrew O'Brien 40 1 2 2
Penalty Kill - 3 Players Forward
Forward Time % Phy DF OF
1 Melker Karlsson 60 1 2 2
2 Stefan Matteau 40 1 2 2
Penalty Kill - 3 Players Defense
Defense Defense Time % Phy DF OF
1 Alexei Marchenko Ben Harpur 60 1 2 2
2 Dakota Mermis Andrew O'Brien 40 1 2 2
4 vs 4 Forward
Center Wing Time % Phy DF OF
1 Melker Karlsson Josh Jooris 60 1 2 2
2 Stefan Matteau JT Compher 40 1 2 2
4 vs 4 Defense
Defense Defense Time % Phy DF OF
1 Alexei Marchenko Damon Severson 60 1 2 2
2 Ben Harpur Andrew O'Brien 40 1 2 2
Last Minutes Offensive
Center Left Wing Right Wing Defense Defense
Melker Karlsson Jonathan Drouin Josh Jooris Alexei Marchenko Damon Severson
Last Minutes Defensive
Center Left Wing Right Wing Defense Defense
Melker Karlsson Chrstian Dvorak Josh Jooris Alexei Marchenko Ben Harpur
Goaltenders
Starting : Chet Pickard
Backup : Anthony Stolarz
Extra Forwards
Normal : Melker Karlsson, Stefan Matteau, Nick Schmaltz - PP : Josh Jooris, Tuomo Ruutu - PK : Melker Karlsson
Extra Defensemen
Normal : Alexei Marchenko, Ben Harpur, Danny Biega - PP : Damon Severson - PK : Alexei Marchenko, Andrew O'Brien
Penalty Shots
Josh Jooris, Melker Karlsson, Stefan Matteau, JT Compher, Jonathan Drouin
Scratches
Ryan Graves (Healthy), Curtis Hamilton (Healthy), Matthew Finn (Healthy), Jim O'Brien (Healthy), Kurtis Gabriel (Healthy)
Raphael Bussieres (Healthy), Michael McCarron (Healthy), Josh Ho-Sang (Healthy), Brett Pollock (Healthy), Steven Spinner (Healthy)
Joacim Eriksson (Healthy)
% Time on Ice - Gangsters
Lines # - Real PCT - Wanted PCT - Time Play
Normal Forward
1 - 33% - 40% - 15:50
2 - 27% - 30% - 12:42
3 - 22% - 20% - 10:37
4 - 18% - 10% - 8:40
Normal Defense
1 - 38% - 40% - 18:06
2 - 27% - 30% - 12:49
3 - 26% - 20% - 12:16
4 - 10% - 10% - 4:38
PP Forward
1 - 59% - 60% - 4:22
2 - 41% - 40% - 3:04
PP Defense
1 - 46% - 60% - 3:27
2 - 54% - 40% - 3:59
PK Forward
1 - 82% - 60% - 3:55
2 - 18% - 40% - 0:50
PK Defense
1 - 54% - 60% - 2:34
2 - 46% - 40% - 2:11
PK3 Forward
1 - 0% - 60%
2 - 0% - 40%
PK3 Defense
1 - 0% - 60%
2 - 0% - 40%
44 Forward
1 - 0% - 60%
2 - 0% - 40%
44 Defense
1 - 0% - 60%
2 - 0% - 40%
Last Minute Offensive - 0:00
Last Minute Defensive - 0:00
Total
Forward - 60:00
Defense - 60:00
|
% Time on Ice - Mustangs
Lines # - Real PCT - Wanted PCT - Time Play
Normal Forward
1 - 34% - 40% - 16:27
2 - 31% - 30% - 14:41
3 - 19% - 20% - 9:12
4 - 16% - 10% - 7:29
Normal Defense
1 - 41% - 44% - 19:45
2 - 37% - 33% - 17:41
3 - 22% - 23% - 10:23
4 - 0% - 0% - 0:00
PP Forward
1 - 60% - 60% - 2:51
2 - 40% - 40% - 1:54
PP Defense
1 - 67% - 60% - 3:11
2 - 33% - 40% - 1:34
PK Forward
1 - 81% - 60% - 6:00
2 - 19% - 40% - 1:26
PK Defense
1 - 61% - 60% - 4:30
2 - 39% - 40% - 2:56
PK3 Forward
1 - 0% - 60%
2 - 0% - 40%
PK3 Defense
1 - 0% - 60%
2 - 0% - 40%
44 Forward
1 - 0% - 60%
2 - 0% - 40%
44 Defense
1 - 0% - 60%
2 - 0% - 40%
Last Minute Offensive - 0:00
Last Minute Defensive - 0:00
Total
Forward - 60:00
Defense - 60:00
|
Play-by-Play
1st period
0:01 of 1st period - Artem Anisimov wins face-off versus Melker Karlsson in neutral zone.
0:14 of 1st period - Wrist shot by Devante Smith-Pelly.
0:14 of 1st period - Shot Blocked by Alexei Marchenko.
0:16 of 1st period - Snap shot by Devante Smith-Pelly.
0:16 of 1st period - Shot Misses the Net.
0:38 of 1st period - Snap shot by JT Compher.
0:38 of 1st period - Deflect By Stefan Matteau.
0:38 of 1st period - Shot Blocked by Richard Panik.
0:38 of 1st period - Puck is out of play.
0:39 of 1st period - Nick Schmaltz wins face-off versus Kevin Roy in Gangsters zone.
0:46 of 1st period - Wrist shot by Tuomo Ruutu.
0:46 of 1st period - Shot Misses the Net.
0:48 of 1st period - Wrist shot by Max Gortz.
0:48 of 1st period - Shot Misses the Net.
0:50 of 1st period - Slapshot by Andrew O'Brien.
0:50 of 1st period - Shot Blocked by Jonas Brodin.
0:52 of 1st period - Snap shot by Max Gortz.
0:52 of 1st period - Stopped by Jordan Binnington with a rebound.
0:54 of 1st period - Slapshot by Ben Harpur.
0:54 of 1st period - Stopped by Jordan Binnington with a rebound.
1:54 of 1st period - Slapshot by Dave Dziurzynski.
1:54 of 1st period - Stopped by Chet Pickard with a rebound.
2:06 of 1st period - Alexei Marchenko is hit by David Pope.
2:14 of 1st period - Wrist shot by Max Gortz.
2:14 of 1st period - Shot Misses the Net.
2:34 of 1st period - Alexei Marchenko is hit by Adam Lowry and loses puck.
2:49 of 1st period - Ben Harpur is hit by Ryan Culkin and loses puck.
3:04 of 1st period - Snap shot by Sebastian Collberg.
3:04 of 1st period - Shot Misses the Net.
3:19 of 1st period - Matt Delahey is hit by Andrew O'Brien.
3:51 of 1st period - Richard Panik is hit by Craig Smith and loses puck.
4:00 of 1st period - Wrist shot by Craig Smith.
4:00 of 1st period - Shot Misses the Net.
4:02 of 1st period - Snap shot by JT Compher.
4:02 of 1st period - Deflect By Craig Smith.
4:02 of 1st period - Stopped by Jordan Binnington without a rebound.
4:03 of 1st period - Melker Karlsson wins face-off versus Artem Anisimov in Gangsters zone.
4:18 of 1st period - Slapshot by Melker Karlsson.
4:18 of 1st period - Deflect By Josh Jooris.
4:18 of 1st period - Stopped by Jordan Binnington with a rebound.
4:35 of 1st period - Alexei Marchenko is hit by Samuel Blais and loses puck.
4:52 of 1st period - Wrist shot by Tuomo Ruutu.
4:52 of 1st period - Shot Blocked by Joshua Jacobs.
4:54 of 1st period - Wrist shot by Nick Schmaltz.
4:54 of 1st period - Deflect By Max Gortz.
4:54 of 1st period - Stopped by Jordan Binnington without a rebound.
4:55 of 1st period - Artem Anisimov wins face-off versus Tuomo Ruutu in Gangsters zone.
5:24 of 1st period - Snap shot by Josh Jooris.
5:24 of 1st period - Shot Misses the Net.
5:26 of 1st period - Slapshot by Danny Biega.
5:26 of 1st period - Deflect By Melker Karlsson.
5:26 of 1st period - Goal by Melker Karlsson - Gangsters : 0 - Mustangs : 1.
5:27 of 1st period - Melker Karlsson wins face-off versus Dave Dziurzynski in neutral zone.
5:36 of 1st period - Snap shot by Artem Anisimov.
5:36 of 1st period - Shot Blocked by Josh Jooris.
5:42 of 1st period - Snap shot by Artem Anisimov.
5:42 of 1st period - Shot Blocked by Melker Karlsson.
5:52 of 1st period - Richard Panik is hit by Craig Smith.
6:01 of 1st period - Richard Panik is hit by Andrew O'Brien and loses puck.
6:24 of 1st period - Wrist shot by Stefan Noesen.
6:24 of 1st period - Stopped by Chet Pickard without a rebound.
6:25 of 1st period - Melker Karlsson wins face-off versus Artem Anisimov in Mustangs zone.
6:46 of 1st period - Minor Penalty to Artem Anisimov for Boarding.
6:47 of 1st period - Melker Karlsson wins face-off versus Connor Chatam in Gangsters zone.
7:20 of 1st period - Snap shot by Stefan Matteau.
7:20 of 1st period - Stopped by Jordan Binnington without a rebound.
7:21 of 1st period - Melker Karlsson wins face-off versus Seth Griffith in Gangsters zone.
7:22 of 1st period - Snap shot by Jonathan Drouin.
7:22 of 1st period - Stopped by Jordan Binnington without a rebound.
7:23 of 1st period - Melker Karlsson wins face-off versus Seth Griffith in Gangsters zone.
7:24 of 1st period - Snap shot by Josh Jooris.
7:24 of 1st period - Goal by Josh Jooris - Gangsters : 0 - Mustangs : 2.
7:25 of 1st period - Melker Karlsson wins face-off versus Dave Dziurzynski in neutral zone.
7:30 of 1st period - Wrist shot by Josh Jooris.
7:30 of 1st period - Stopped by Jordan Binnington without a rebound.
7:31 of 1st period - Artem Anisimov wins face-off versus Melker Karlsson in Gangsters zone.
7:36 of 1st period - Melker Karlsson is hit by Dave Dziurzynski and loses puck.
7:43 of 1st period - Slapshot by Artem Anisimov.
7:43 of 1st period - Shot Misses the Net.
8:03 of 1st period - Slapshot by Seth Griffith.
8:03 of 1st period - Shot Misses the Net.
8:05 of 1st period - Slapshot by Matt Delahey.
8:05 of 1st period - Stopped by Chet Pickard without a rebound.
8:06 of 1st period - Stefan Noesen wins face-off versus Nick Schmaltz in Mustangs zone.
8:07 of 1st period - Snap shot by Kevin Roy.
8:07 of 1st period - Shot Blocked by Ben Harpur.
8:13 of 1st period - Wrist shot by Kevin Roy.
8:13 of 1st period - Shot Blocked by Ben Harpur.
8:15 of 1st period - Snap shot by Kevin Roy.
8:15 of 1st period - Stopped by Chet Pickard with a rebound.
8:17 of 1st period - Slapshot by Derrick Pouliot.
8:17 of 1st period - Deflect By Stefan Noesen.
8:17 of 1st period - Stopped by Chet Pickard without a rebound.
8:18 of 1st period - Melker Karlsson wins face-off versus Artem Anisimov in Mustangs zone.
8:43 of 1st period - Craig Smith is hit by David Pope and loses puck.
8:52 of 1st period - Snap shot by Richard Panik.
8:52 of 1st period - Stopped by Chet Pickard with a rebound.
8:58 of 1st period - Andrew O'Brien is hit by Jonas Brodin and loses puck.
9:37 of 1st period - Off-side.
9:38 of 1st period - Melker Karlsson wins face-off versus Artem Anisimov in neutral zone.
9:43 of 1st period - Snap shot by Melker Karlsson.
9:43 of 1st period - Shot Blocked by Matt Delahey.
9:53 of 1st period - Slapshot by Devante Smith-Pelly.
9:53 of 1st period - Stopped by Chet Pickard with a rebound.
10:26 of 1st period - Icing by Damon Severson.
10:27 of 1st period - Iven Barbashev wins face-off versus Adam Lowry in Mustangs zone.
11:23 of 1st period - Off-side.
11:24 of 1st period - Jonathan Drouin wins face-off versus Artem Anisimov in neutral zone.
11:47 of 1st period - Icing by Matt Delahey.
11:48 of 1st period - Nick Schmaltz wins face-off versus Dave Dziurzynski in Gangsters zone.
11:49 of 1st period - Snap shot by Tuomo Ruutu.
11:49 of 1st period - Deflect By Max Gortz.
11:49 of 1st period - Stopped by Jordan Binnington without a rebound.
11:50 of 1st period - Nick Schmaltz wins face-off versus Artem Anisimov in Gangsters zone.
11:53 of 1st period - Snap shot by Max Gortz.
11:53 of 1st period - Shot Blocked by Dave Dziurzynski.
12:01 of 1st period - Snap shot by Tuomo Ruutu.
12:01 of 1st period - Shot Misses the Net.
12:03 of 1st period - Snap shot by Tuomo Ruutu.
12:03 of 1st period - Shot Misses the Net.
12:05 of 1st period - Snap shot by Andrew O'Brien.
12:05 of 1st period - Stopped by Jordan Binnington with a rebound.
12:12 of 1st period - Icing by Devante Smith-Pelly.
12:13 of 1st period - Melker Karlsson wins face-off versus Artem Anisimov in Gangsters zone.
12:40 of 1st period - Richard Panik is hit by Craig Smith and loses puck.
13:25 of 1st period - Snap shot by Chrstian Dvorak.
13:25 of 1st period - Shot Blocked by Matt Delahey.
14:01 of 1st period - Slapshot by Brett Ponich.
14:01 of 1st period - Shot Misses the Net.
14:06 of 1st period - Off-side.
14:07 of 1st period - Tuomo Ruutu wins face-off versus Seth Griffith in neutral zone.
14:32 of 1st period - Nick Schmaltz is hit by Artem Anisimov and loses puck.
14:43 of 1st period - Snap shot by Tuomo Ruutu.
14:43 of 1st period - Deflect By Nick Schmaltz.
14:43 of 1st period - Shot Blocked by Devante Smith-Pelly.
14:43 of 1st period - Puck is out of play.
14:44 of 1st period - Melker Karlsson wins face-off versus Seth Griffith in Gangsters zone.
14:47 of 1st period - Snap shot by Jonathan Drouin.
14:47 of 1st period - Shot Blocked by Derrick Pouliot.
14:49 of 1st period - Wrist shot by Melker Karlsson.
14:49 of 1st period - Shot Misses the Net.
14:51 of 1st period - Wrist shot by Melker Karlsson.
14:51 of 1st period - Shot Hit the Post.
14:59 of 1st period - Alexei Marchenko is hit by David Pope and loses puck.
15:56 of 1st period - Chrstian Dvorak is hit by Richard Panik and loses puck.
16:15 of 1st period - Snap shot by Matt Delahey.
16:15 of 1st period - Shot Misses the Net.
16:21 of 1st period - Adam Lowry is hit by Chrstian Dvorak and loses puck.
16:30 of 1st period - Slapshot by Iven Barbashev.
16:30 of 1st period - Stopped by Jordan Binnington without a rebound.
16:31 of 1st period - Artem Anisimov wins face-off versus Melker Karlsson in Gangsters zone.
17:16 of 1st period - Off-side.
17:17 of 1st period - Kevin Roy wins face-off versus Nick Schmaltz in neutral zone.
17:30 of 1st period - Wrist shot by Nick Schmaltz.
17:30 of 1st period - Stopped by Jordan Binnington with a rebound.
17:58 of 1st period - Josh Jooris is hit by Dave Dziurzynski and loses puck.
18:09 of 1st period - Craig Smith is hit by Richard Panik and loses puck.
18:16 of 1st period - Matt Delahey is hit by Stefan Matteau and loses puck.
18:35 of 1st period - Slapshot by Brett Ponich.
18:35 of 1st period - Deflect By Iven Barbashev.
18:35 of 1st period - Stopped by Chet Pickard without a rebound.
18:36 of 1st period - Melker Karlsson wins face-off versus Adam Lowry in Mustangs zone.
18:43 of 1st period - Slapshot by Sebastian Collberg.
18:43 of 1st period - Stopped by Chet Pickard with a rebound.
19:04 of 1st period - Slapshot by Morgan Ellis.
19:04 of 1st period - Stopped by Chet Pickard with a rebound.
19:28 of 1st period - Wrist shot by Chrstian Dvorak.
19:28 of 1st period - Shot Hit the Post.
19:30 of 1st period - Snap shot by Iven Barbashev.
19:30 of 1st period - Stopped by Jordan Binnington with a rebound.
19:32 of 1st period - Wrist shot by Danny Biega.
19:32 of 1st period - Shot Blocked by Artem Anisimov.
19:34 of 1st period - Wrist shot by Chrstian Dvorak.
19:34 of 1st period - Deflect By Iven Barbashev.
19:34 of 1st period - Shot Misses the Net.
19:34 of 1st period - Puck is out of play.
19:35 of 1st period - Melker Karlsson wins face-off versus Seth Griffith in Gangsters zone.
Goals for this period are 0 for Gangsters vs 2 for Mustangs.
Shots for this period are 10 for Gangsters vs 15 for Mustangs.
2nd period
0:01 of 2nd period - Artem Anisimov wins face-off versus Melker Karlsson in neutral zone.
0:12 of 2nd period - Wrist shot by Josh Jooris.
0:12 of 2nd period - Stopped by Jordan Binnington without a rebound.
0:13 of 2nd period - Dave Dziurzynski wins face-off versus Josh Jooris in Gangsters zone.
0:18 of 2nd period - Josh Jooris is hit by Artem Anisimov.
1:09 of 2nd period - Minor Penalty to Nick Schmaltz for Kneeing.
1:10 of 2nd period - Artem Anisimov wins face-off versus Melker Karlsson in Mustangs zone.
1:12 of 2nd period - Snap shot by Devante Smith-Pelly.
1:12 of 2nd period - Stopped by Chet Pickard with a rebound.
1:14 of 2nd period - Wrist shot by Artem Anisimov.
1:14 of 2nd period - Stopped by Chet Pickard without a rebound.
1:15 of 2nd period - Melker Karlsson wins face-off versus Artem Anisimov in Mustangs zone.
1:15 of 2nd period - Melker Karlsson is hit by Devante Smith-Pelly.
1:43 of 2nd period - Melker Karlsson is hit by Artem Anisimov and loses puck.
2:08 of 2nd period - Wrist shot by Devante Smith-Pelly.
2:08 of 2nd period - Stopped by Chet Pickard with a rebound.
2:10 of 2nd period - Slapshot by Jonas Brodin.
2:10 of 2nd period - Goal by Jonas Brodin - Gangsters : 1 - Mustangs : 2.
2:11 of 2nd period - Seth Griffith wins face-off versus Melker Karlsson in neutral zone.
2:28 of 2nd period - Damon Severson is hit by Seth Griffith.
3:03 of 2nd period - Andrew O'Brien is hit by Samuel Blais and loses puck.
3:26 of 2nd period - Wrist shot by Morgan Ellis.
3:26 of 2nd period - Shot Blocked by Andrew O'Brien.
3:28 of 2nd period - Slapshot by Devante Smith-Pelly.
3:28 of 2nd period - Shot Blocked by Andrew O'Brien.
3:30 of 2nd period - Wrist shot by Artem Anisimov.
3:30 of 2nd period - Shot Misses the Net.
3:32 of 2nd period - Snap shot by Devante Smith-Pelly.
3:32 of 2nd period - Stopped by Chet Pickard with a rebound.
3:34 of 2nd period - Slapshot by Steven Santini.
3:34 of 2nd period - Shot Blocked by Andrew O'Brien.
3:36 of 2nd period - Slapshot by Joshua Jacobs.
3:36 of 2nd period - Stopped by Chet Pickard with a rebound.
4:03 of 2nd period - Minor Penalty to Danny Biega for Interference.
4:04 of 2nd period - Devante Smith-Pelly wins face-off versus Melker Karlsson in Mustangs zone.
4:09 of 2nd period - Snap shot by Devante Smith-Pelly.
4:09 of 2nd period - Shot Misses the Net.
4:23 of 2nd period - Ben Harpur is hit by Artem Anisimov.
6:03 of 2nd period - Penalty to Danny Biega is over, Danny Biega is back on ice.
6:31 of 2nd period - Slapshot by Phillip Danault.
6:31 of 2nd period - Shot Misses the Net.
6:33 of 2nd period - Slapshot by Jonas Brodin.
6:33 of 2nd period - Deflect By Phillip Danault.
6:33 of 2nd period - Shot Misses the Net.
6:33 of 2nd period - Puck is out of play.
6:34 of 2nd period - Kevin Roy wins face-off versus Stefan Matteau in Mustangs zone.
6:57 of 2nd period - David Pope is hit by Josh Jooris.
7:47 of 2nd period - Snap shot by Steven Santini.
7:47 of 2nd period - Stopped by Chet Pickard with a rebound.
7:49 of 2nd period - Wrist shot by Sebastian Collberg.
7:49 of 2nd period - Stopped by Chet Pickard with a rebound.
7:51 of 2nd period - Snap shot by Samuel Blais.
7:51 of 2nd period - Stopped by Chet Pickard with a rebound.
7:53 of 2nd period - Slapshot by Steven Santini.
7:53 of 2nd period - Stopped by Chet Pickard with a rebound.
8:05 of 2nd period - Slapshot by Derrick Pouliot.
8:05 of 2nd period - Deflect By Tuomo Ruutu.
8:05 of 2nd period - Stopped by Chet Pickard with a rebound.
8:07 of 2nd period - Slapshot by Derrick Pouliot.
8:07 of 2nd period - Stopped by Chet Pickard without a rebound.
8:08 of 2nd period - Artem Anisimov wins face-off versus Melker Karlsson in Mustangs zone.
8:40 of 2nd period - Slapshot by Seth Griffith.
8:40 of 2nd period - Stopped by Chet Pickard with a rebound.
8:42 of 2nd period - Wrist shot by Derrick Pouliot.
8:42 of 2nd period - Shot Misses the Net.
8:44 of 2nd period - Wrist shot by Richard Panik.
8:44 of 2nd period - Stopped by Chet Pickard with a rebound.
8:51 of 2nd period - Icing by JT Compher.
8:52 of 2nd period - Kevin Roy wins face-off versus Stefan Matteau in Mustangs zone.
8:53 of 2nd period - Slapshot by Stefan Noesen.
8:53 of 2nd period - Stopped by Chet Pickard with a rebound.
8:55 of 2nd period - Wrist shot by Dave Dziurzynski.
8:55 of 2nd period - Shot Blocked by JT Compher.
8:57 of 2nd period - Wrist shot by Devante Smith-Pelly.
8:57 of 2nd period - Stopped by Chet Pickard with a rebound.
9:30 of 2nd period - Wrist shot by Craig Smith.
9:30 of 2nd period - Shot Misses the Net.
9:31 of 2nd period - Minor Penalty to Devante Smith-Pelly for Interference.
9:32 of 2nd period - Melker Karlsson wins face-off versus Artem Anisimov in Gangsters zone.
9:33 of 2nd period - Snap shot by Josh Jooris.
9:33 of 2nd period - Stopped by Jordan Binnington without a rebound.
9:34 of 2nd period - Melker Karlsson wins face-off versus Artem Anisimov in Gangsters zone.
9:35 of 2nd period - Wrist shot by Jonathan Drouin.
9:35 of 2nd period - Stopped by Jordan Binnington without a rebound.
9:36 of 2nd period - Melker Karlsson wins face-off versus Artem Anisimov in Gangsters zone.
9:43 of 2nd period - Snap shot by Artem Anisimov.
9:43 of 2nd period - Shot Blocked by Damon Severson.
9:45 of 2nd period - Slapshot by Brett Ponich.
9:45 of 2nd period - Deflect By Alexei Marchenko.
9:45 of 2nd period - Stopped by Chet Pickard without a rebound.
9:46 of 2nd period - Artem Anisimov wins face-off versus Jonathan Drouin in Mustangs zone.
9:57 of 2nd period - Snap shot by Josh Jooris.
9:57 of 2nd period - Deflect By Artem Anisimov.
9:57 of 2nd period - Shot Misses the Net.
9:57 of 2nd period - Puck is out of play.
9:58 of 2nd period - Melker Karlsson wins face-off versus Artem Anisimov in Gangsters zone.
9:59 of 2nd period - Wrist shot by Josh Jooris.
9:59 of 2nd period - Stopped by Jordan Binnington with a rebound.
10:01 of 2nd period - Slapshot by Melker Karlsson.
10:01 of 2nd period - Stopped by Jordan Binnington without a rebound.
10:02 of 2nd period - Melker Karlsson wins face-off versus Artem Anisimov in Gangsters zone.
10:13 of 2nd period - Snap shot by Josh Jooris.
10:13 of 2nd period - Shot Blocked by Artem Anisimov.
10:15 of 2nd period - Slapshot by Damon Severson.
10:15 of 2nd period - Shot Misses the Net.
11:29 of 2nd period - Morgan Ellis is hit by Jonathan Drouin and loses puck.
11:31 of 2nd period - Penalty to Devante Smith-Pelly is over, Devante Smith-Pelly is back on ice.
11:40 of 2nd period - Snap shot by Devante Smith-Pelly.
11:40 of 2nd period - Deflect By Samuel Blais.
11:40 of 2nd period - Shot Blocked by Damon Severson.
11:40 of 2nd period - Puck is out of play.
11:41 of 2nd period - Adam Lowry wins face-off versus Nick Schmaltz in Mustangs zone.
11:50 of 2nd period - Slapshot by Brett Ponich.
11:50 of 2nd period - Stopped by Chet Pickard without a rebound.
11:51 of 2nd period - Artem Anisimov wins face-off versus Stefan Matteau in Mustangs zone.
12:00 of 2nd period - Snap shot by Artem Anisimov.
12:00 of 2nd period - Shot Blocked by Stefan Matteau.
12:02 of 2nd period - Slapshot by Brett Ponich.
12:02 of 2nd period - Shot Misses the Net.
12:04 of 2nd period - Slapshot by Matt Delahey.
12:04 of 2nd period - Deflect By Artem Anisimov.
12:04 of 2nd period - Deflect By Craig Smith.
12:04 of 2nd period - Stopped by Chet Pickard with a rebound.
12:06 of 2nd period - Slapshot by Brett Ponich.
12:06 of 2nd period - Stopped by Chet Pickard without a rebound.
12:07 of 2nd period - Melker Karlsson wins face-off versus Seth Griffith in Mustangs zone.
12:14 of 2nd period - David Pope is hit by Melker Karlsson and loses puck.
14:00 of 2nd period - Wrist shot by Devante Smith-Pelly.
14:00 of 2nd period - Goal by Devante Smith-Pelly - Gangsters : 2 - Mustangs : 2.
14:01 of 2nd period - Artem Anisimov wins face-off versus Melker Karlsson in neutral zone.
14:07 of 2nd period - Off-side.
14:08 of 2nd period - Artem Anisimov wins face-off versus Melker Karlsson in neutral zone.
14:19 of 2nd period - Wrist shot by Melker Karlsson.
14:19 of 2nd period - Deflect By Jonathan Drouin.
14:19 of 2nd period - Shot Misses the Net.
14:19 of 2nd period - Puck is out of play.
14:20 of 2nd period - Melker Karlsson wins face-off versus Artem Anisimov in Gangsters zone.
15:51 of 2nd period - Snap shot by David Pope.
15:51 of 2nd period - Stopped by Chet Pickard without a rebound.
15:52 of 2nd period - David Pope wins face-off versus Melker Karlsson in Mustangs zone.
15:57 of 2nd period - Wrist shot by Richard Panik.
15:57 of 2nd period - Stopped by Chet Pickard with a rebound.
16:05 of 2nd period - Snap shot by David Pope.
16:05 of 2nd period - Shot Misses the Net.
16:08 of 2nd period - Icing by Danny Biega.
16:09 of 2nd period - Artem Anisimov wins face-off versus Melker Karlsson in Mustangs zone.
16:10 of 2nd period - Wrist shot by Devante Smith-Pelly.
16:10 of 2nd period - Stopped by Chet Pickard with a rebound.
16:12 of 2nd period - Wrist shot by Devante Smith-Pelly.
16:12 of 2nd period - Shot Misses the Net.
16:20 of 2nd period - Melker Karlsson is hit by Devante Smith-Pelly and loses puck.
16:38 of 2nd period - Off-side.
16:39 of 2nd period - Seth Griffith wins face-off versus Stefan Matteau in neutral zone.
16:42 of 2nd period - Alexei Marchenko is hit by Richard Panik.
17:02 of 2nd period - Snap shot by Craig Smith.
17:02 of 2nd period - Goal by Craig Smith - Gangsters : 2 - Mustangs : 3.
17:03 of 2nd period - Artem Anisimov wins face-off versus Melker Karlsson in neutral zone.
17:16 of 2nd period - Snap shot by Damon Severson.
17:16 of 2nd period - Goal by Damon Severson - Gangsters : 2 - Mustangs : 4.
17:17 of 2nd period - Artem Anisimov wins face-off versus Melker Karlsson in neutral zone.
17:21 of 2nd period - Off-side.
17:22 of 2nd period - Artem Anisimov wins face-off versus Melker Karlsson in neutral zone.
18:18 of 2nd period - Snap shot by Stefan Matteau.
18:18 of 2nd period - Shot Blocked by Dave Dziurzynski.
18:32 of 2nd period - Slapshot by Matt Delahey.
18:32 of 2nd period - Shot Blocked by Ben Harpur.
19:15 of 2nd period - Wrist shot by Kevin Roy.
19:15 of 2nd period - Shot Misses the Net.
19:17 of 2nd period - Slapshot by Morgan Ellis.
19:17 of 2nd period - Shot Misses the Net.
19:19 of 2nd period - Slapshot by Jonas Brodin.
19:19 of 2nd period - Stopped by Chet Pickard with a rebound.
19:21 of 2nd period - Slapshot by Phillip Danault.
19:21 of 2nd period - Shot Misses the Net.
19:27 of 2nd period - Minor Penalty to Andrew O'Brien for Interference.
19:28 of 2nd period - Melker Karlsson wins face-off versus Seth Griffith in Mustangs zone.
19:37 of 2nd period - Snap shot by Jonas Brodin.
19:37 of 2nd period - Deflect By Richard Panik.
19:37 of 2nd period - Stopped by Chet Pickard without a rebound.
19:38 of 2nd period - Melker Karlsson wins face-off versus Seth Griffith in Mustangs zone.
19:51 of 2nd period - Snap shot by Richard Panik.
19:51 of 2nd period - Shot Misses the Net.
19:55 of 2nd period - Slapshot by David Pope.
19:55 of 2nd period - Goal by David Pope - Gangsters : 3 - Mustangs : 4.
19:56 of 2nd period - Josh Jooris wins face-off versus Artem Anisimov in neutral zone.
19:59 of 2nd period - Devante Smith-Pelly is hit by Melker Karlsson and loses puck.
Goals for this period are 3 for Gangsters vs 2 for Mustangs.
Shots for this period are 27 for Gangsters vs 7 for Mustangs.
3rd period
0:01 of 3rd period - Artem Anisimov wins face-off versus Melker Karlsson in neutral zone.
0:34 of 3rd period - Snap shot by Seth Griffith.
0:34 of 3rd period - Stopped by Chet Pickard with a rebound.
0:48 of 3rd period - Icing by Seth Griffith.
0:49 of 3rd period - Stefan Matteau wins face-off versus Seth Griffith in Gangsters zone.
1:02 of 3rd period - Snap shot by Jonathan Drouin.
1:02 of 3rd period - Stopped by Jordan Binnington with a rebound.
1:04 of 3rd period - Snap shot by Melker Karlsson.
1:04 of 3rd period - Stopped by Jordan Binnington with a rebound.
1:24 of 3rd period - Wrist shot by Craig Smith.
1:24 of 3rd period - Shot Blocked by Matt Delahey.
1:26 of 3rd period - Minor Penalty to Dave Dziurzynski for Holding.
1:27 of 3rd period - Melker Karlsson wins face-off versus Artem Anisimov in Gangsters zone.
1:33 of 3rd period - Snap shot by Melker Karlsson.
1:33 of 3rd period - Stopped by Jordan Binnington with a rebound.
2:03 of 3rd period - Snap shot by Stefan Matteau.
2:03 of 3rd period - Shot Blocked by Richard Panik.
2:51 of 3rd period - Richard Panik is hit by Ben Harpur and loses puck.
3:26 of 3rd period - Penalty to Dave Dziurzynski is over, Dave Dziurzynski is back on ice.
4:07 of 3rd period - Wrist shot by Kevin Roy.
4:07 of 3rd period - Stopped by Chet Pickard with a rebound.
4:21 of 3rd period - Minor Penalty to David Pope for Goalie Interference.
4:22 of 3rd period - Artem Anisimov wins face-off versus Melker Karlsson in Gangsters zone.
4:22 of 3rd period - Artem Anisimov is hit by Josh Jooris.
4:30 of 3rd period - Snap shot by Melker Karlsson.
4:30 of 3rd period - Goal by Melker Karlsson - Gangsters : 3 - Mustangs : 5.
4:31 of 3rd period - Melker Karlsson wins face-off versus Artem Anisimov in neutral zone.
4:40 of 3rd period - Damon Severson is hit by Jonas Brodin and loses puck.
5:29 of 3rd period - Icing by Phillip Danault.
5:30 of 3rd period - Melker Karlsson wins face-off versus Kevin Roy in Gangsters zone.
5:31 of 3rd period - Slapshot by Jonathan Drouin.
5:31 of 3rd period - Stopped by Jordan Binnington with a rebound.
5:33 of 3rd period - Wrist shot by Melker Karlsson.
5:33 of 3rd period - Shot Misses the Net.
5:37 of 3rd period - Slapshot by Josh Jooris.
5:37 of 3rd period - Shot Misses the Net.
5:39 of 3rd period - Snap shot by Dakota Mermis.
5:39 of 3rd period - Stopped by Jordan Binnington with a rebound.
6:02 of 3rd period - Snap shot by Stefan Matteau.
6:02 of 3rd period - Shot Blocked by Devante Smith-Pelly.
6:04 of 3rd period - Wrist shot by JT Compher.
6:04 of 3rd period - Shot Blocked by Dave Dziurzynski.
6:14 of 3rd period - Snap shot by Tuomo Ruutu.
6:14 of 3rd period - Stopped by Jordan Binnington with a rebound.
6:16 of 3rd period - Slapshot by Tuomo Ruutu.
6:16 of 3rd period - Deflect By Nick Schmaltz.
6:16 of 3rd period - Stopped by Jordan Binnington with a rebound.
6:22 of 3rd period - Snap shot by Max Gortz.
6:22 of 3rd period - Shot Blocked by Ryan Culkin.
6:27 of 3rd period - Icing by Richard Panik.
6:28 of 3rd period - Seth Griffith wins face-off versus Melker Karlsson in Gangsters zone.
6:28 of 3rd period - Seth Griffith is hit by Jonathan Drouin.
7:15 of 3rd period - Damon Severson is hit by Kevin Roy and loses puck.
7:48 of 3rd period - Slapshot by Sam Kurker.
7:48 of 3rd period - Stopped by Jordan Binnington with a rebound.
7:57 of 3rd period - Off-side.
7:58 of 3rd period - Melker Karlsson wins face-off versus Artem Anisimov in neutral zone.
8:11 of 3rd period - Slapshot by Matt Delahey.
8:11 of 3rd period - Deflect By Devante Smith-Pelly.
8:11 of 3rd period - Stopped by Chet Pickard with a rebound.
8:13 of 3rd period - Slapshot by Matt Delahey.
8:13 of 3rd period - Stopped by Chet Pickard with a rebound.
8:28 of 3rd period - Wrist shot by Melker Karlsson.
8:28 of 3rd period - Stopped by Jordan Binnington with a rebound.
9:03 of 3rd period - Derrick Pouliot is hit by JT Compher and loses puck.
9:12 of 3rd period - Andrew O'Brien is hit by Adam Lowry and loses puck.
9:34 of 3rd period - Icing by Craig Smith.
9:35 of 3rd period - Seth Griffith wins face-off versus Craig Smith in Mustangs zone.
9:50 of 3rd period - Seth Griffith is hit by JT Compher and loses puck.
10:49 of 3rd period - Slapshot by Alexei Marchenko.
10:49 of 3rd period - Deflect By Sam Kurker.
10:49 of 3rd period - Shot Misses the Net.
10:49 of 3rd period - Puck is out of play.
10:50 of 3rd period - Melker Karlsson wins face-off versus Adam Lowry in Gangsters zone.
11:17 of 3rd period - Backhand shot by Matt Delahey.
11:17 of 3rd period - Stopped by Chet Pickard with a rebound.
11:19 of 3rd period - Backhand shot by Brett Ponich.
11:19 of 3rd period - Shot Misses the Net.
11:21 of 3rd period - Snap shot by Samuel Blais.
11:21 of 3rd period - Stopped by Chet Pickard with a rebound.
11:33 of 3rd period - Slapshot by Sebastian Collberg.
11:33 of 3rd period - Stopped by Chet Pickard with a rebound.
11:35 of 3rd period - Backhand shot by Samuel Blais.
11:35 of 3rd period - Deflect By Adam Lowry.
11:35 of 3rd period - Stopped by Chet Pickard with a rebound.
11:37 of 3rd period - Snap shot by Adam Lowry.
11:37 of 3rd period - Stopped by Chet Pickard without a rebound.
11:38 of 3rd period - Stefan Matteau wins face-off versus Dave Dziurzynski in Mustangs zone.
11:40 of 3rd period - Minor Penalty to Stefan Matteau for Hooking.
11:41 of 3rd period - Melker Karlsson wins face-off versus Artem Anisimov in Mustangs zone.
13:40 of 3rd period - Penalty to Stefan Matteau is over, Stefan Matteau is back on ice.
13:50 of 3rd period - Joshua Jacobs is hit by Stefan Matteau and loses puck.
14:07 of 3rd period - Damon Severson is hit by Samuel Blais.
14:11 of 3rd period - Steven Santini is hit by Iven Barbashev and loses puck.
14:28 of 3rd period - Minor Penalty to Jonathan Drouin for Tripping.
14:29 of 3rd period - Seth Griffith wins face-off versus Melker Karlsson in Mustangs zone.
15:06 of 3rd period - Alexei Marchenko is hit by Dave Dziurzynski and loses puck.
16:21 of 3rd period - Tuomo Ruutu is hit by Brett Ponich and loses puck.
16:28 of 3rd period - Penalty to Jonathan Drouin is over, Jonathan Drouin is back on ice.
16:38 of 3rd period - Snap shot by JT Compher.
16:38 of 3rd period - Stopped by Jordan Binnington without a rebound.
16:39 of 3rd period - Kevin Roy wins face-off versus Iven Barbashev in Gangsters zone.
16:52 of 3rd period - Slapshot by Damon Severson.
16:52 of 3rd period - Stopped by Jordan Binnington with a rebound.
18:07 of 3rd period - Ryan Culkin is hit by Melker Karlsson.
18:08 of 3rd period - Icing by Ryan Culkin.
18:09 of 3rd period - Melker Karlsson wins face-off versus Adam Lowry in Gangsters zone.
18:56 of 3rd period - Slapshot by Derrick Pouliot.
18:56 of 3rd period - Stopped by Chet Pickard with a rebound.
Goals for this period are 0 for Gangsters vs 1 for Mustangs.
Shots for this period are 10 for Gangsters vs 12 for Mustangs.
Back to the Top